 Dungeon Crawl Stone Soup version 0.27.1-4-g1640c2035a (webtiles) character file.

Game seed: 6982634437859093722

44 Iepvzaeh the Skirmisher (level 3, -6/33 HPs)
             Began as a Hill Orc Fighter on Nov 10, 2021.
             Mangled by Sigmund (19 damage)
             ... on level 2 of the Dungeon.
             The game lasted 00:01:53 (1254 turns).

Iepvzaeh the Skirmisher (Hill Orc Fighter)          Turns: 1254, Time: 00:01:54

Health: -6/33      AC:  6    Str: 19    XL:     3   Next: 62%
Magic:  3/3        EV:  7    Int:  8    God:
Gold:   41         SH:  0    Dex: 10    Spells: 2/2 levels left

rFire    . . .     SeeInvis .   a - +0 war axe
rCold    . . .     Faith    .   c - +0 kite shield
rNeg     . . .     Spirit   .   b - +0 scale mail
rPois    .         Reflect  .   (no helmet)
rElec    .         Harm     .   (no cloak)
rCorr    +         Rampage  .   (no gloves)
Will     .....                  (no boots)
Stlth    ..........             (no amulet)
HPRegen  0.11/turn              k - ring of resist corrosion
MPRegen  0.08/turn              (no ring)

@: confused
A: no striking features
a: no special abilities


You were on level 2 of the Dungeon.
You visited 1 branch of the dungeon, and saw 2 of its levels.

You collected 41 gold pieces.

Inventory:

Hand Weapons
 a - a +0 war axe (weapon)
Armour
 b - a +0 scale mail (worn)
 c - a +0 kite shield (worn)
Jewellery
 k - a ring of resist corrosion (left hand)
Scrolls
 e - 2 scrolls of enchant armour {unknown}
 f - a scroll of teleportation {unknown}
 g - 2 scrolls of magic mapping {unknown}
 h - a scroll of identify {unknown}
 j - a scroll of blinking {unknown}
Potions
 d - a potion of might
 i - a potion of heal wounds {unknown}
 l - a potion of cancellation {unknown}
 m - a potion of ambrosia {unknown}


   Skills:
 + Level 4.0 Fighting
 + Level 3.7 Axes
 + Level 3.6 Armour
 + Level 0.2 Dodging
 + Level 3.7 Shields


You had 2 spell levels left.
You didn't know any spells.
Your spell library contained the following spells:

 Spells                   Type           Power      Damage    Failure   Level
 Corona                   Hex            0%         N/A       99%         1


Dungeon Overview and Level Annotations

Branches:
Dungeon (2/15)

Altars:

Annotations:
D:2 Sigmund


Message History

The goblin shouts!
A worm comes into view.
The goblin hits you but does no damage.
You closely miss the goblin. You block the goblin's attack.
You closely miss the goblin. You block the goblin's attack.
The goblin hits you with a +0 club.
You completely miss the goblin. The goblin hits you with a +0 club.
You slash the goblin!
You kill the goblin!
You slash the worm!
The worm is severely wounded.
The worm bites you.
You barely miss the worm.
The worm is severely wounded.
The worm bites you.
You slash the worm!
You kill the worm!
No target in view!
Sigmund is nearby!
Sigmund shouts!
You see here a +0 club.
Sigmund points at you and mumbles some strange words.
You resist with significant effort. Sigmund gestures at you while chanting.
You are confused.
You are too confused!
You are too confused!
You are too confused!
You are too confused!
You are too confused!
You are too confused!
You bump into the rock wall.
Sigmund drinks a potion.
Sigmund seems to grow stronger.
Sigmund barely misses you.
Sigmund points at you and mumbles some strange words.
You are more confused.
Sigmund hits you with a +4 scythe of protection!
Sigmund hits you with a +4 scythe of protection!!
Ouch! That really hurt!
You die...

# #.####### #.
#.#.....#
##.##.#.....#
#.....#.....#
.....#...@.#
#..##.#..#..@..##
#..#..#.........#
#..#.#....##.##.#
#......†)....# .#
### #........#### .#
...##...#..#.# .#
#.#....#.#........#
##.......###........


You could see Sigmund (strong).

Vanquished Creatures
  An adder (D:2)
  A worm (D:2)
  A dart slug (D:1)
  2 ball pythons
  6 bats (D:1)
  An endoplasm (D:1)
  2 giant cockroaches (D:1)
  2 goblins
  5 hobgoblins (D:1)
  2 frilled lizards
  2 kobolds (D:1)
  3 rats (D:1)
28 creatures vanquished.

Notes
Turn   | Place    | Note
-------+----------+-------------------------------------------
     0 | D:1      | Iepvzaeh the Hill Orc Fighter began the quest for the Orb.
     0 | D:1      | Reached XP level 1. HP: 19/19 MP: 1/1
   224 | D:1      | Reached XP level 2. HP: 27/27 MP: 2/2
   550 | D:1      | Reached XP level 3. HP: 33/33 MP: 3/3
   554 | D:1      | Found a faded altar of an unknown god.
   569 | D:1      | Got Plato's Incunabulum of Malediction
   892 | D:2      | Noticed Sigmund
  1101 | D:2      | Reached skill level 4 in Fighting
  1254 | D:2      | Mangled by Sigmund

Illustrated notes

Levels and vault maps discovered:
D:1:      eino_arrival_cavern_b, layout_basic,
          shapermc_ecumenical_altar_rom_forum, corexii_item_surrounded_by_moat,
          minmay_misc_feat_hallway, minmay_pentomino_z2
D:2:      layout_loops_cross, grunt_ministairs_14, kennysheep_jessica_study,
          uniq_sigmund

Skill      XL: |  1  2  3 |
---------------+----------+-----
Axes           | 3 |  3.7
Fighting       | 4 |  4.0
Armour         | |  3.6
Dodging        | |  0.2
Shields        | |  3.7

Action                   || total
-------------------------++-------
Melee: War axe           ||    86
Armor: Scale mail        ||    40
Dodge: Dodged            ||    27
Block: Kite shield       ||    57
